 Dungeon Crawl Stone Soup version 0.20-a0-1114-g33edf32 (webtiles) character file.

58 4thArraOfDagon the Sneak (level 3, -6/14 HPs)
             Began as a Felid Ice Elementalist on May 6, 2017.
             Was an Initiate of Dithmenos.
             Mangled by a water moccasin zombie (8 damage)
             ... in an ossuary.
             The game lasted 00:03:11 (731 turns).

4thArraOfDagon the Sneak (Felid Ice Elementalist)    Turns: 731, Time: 00:03:11

Health: -6/14      AC:  1    Str:  3 (4)  XL:     3   Next: 75%
Magic:  4/7        EV: 18    Int: 15 (17) God:    Dithmenos [......]
Gold:   5          SH:  0    Dex: 15 (16) Spells: 4/6 levels left
                                        Lives:  0   Deaths: 0

rFire    + . .     SeeInvis +     - Unarmed
rCold    . . .     Gourm    .   (shield unavailable)
rNeg     . . .     Faith    .   (armour unavailable)
rPois    .         Spirit   .   (helmet unavailable)
rElec    .         Reflect  .   (cloak unavailable)
rCorr    .         Harm     .   (gloves unavailable)
MR       .....                  (boots unavailable)
Stlth    +++.......             (no amulet)
Regen    0.1/turn               f - ring of protection from fire
MPRegen  0.1/turn               (no ring)

@: confusing touch, very slightly contaminated, quick
A: no armour, no weapons or thrown items, stealth, claws 1, fangs 3, see
invisible, carnivore 3, speed 1, shaggy fur 1, slow metabolism 1, sharp paws
a: Renounce Religion


You were in an ossuary.
You worshipped Dithmenos.
Dithmenos was noncommittal.
You were not hungry.

You visited 2 branches of the dungeon, and saw 5 of its levels.
You also visited: Ossuary.

You collected 5 gold pieces.

Inventory:

Jewellery
 f - a ring of protection from fire (left paw)
Scrolls
 c - a scroll of enchant armour {unknown}
Books
 a - a book of Frost

   Spells                             Type                      Level
   a - Freeze                         Ice                          1
   b - Throw Frost                    Conjuration/Ice              2
   c - Ozocubu's Armour               Charms/Ice                   3
   d - Throw Icicle                   Conjuration/Ice              4
   e - Summon Ice Beast               Ice/Summoning                4
 h - a book of Cantrips

   Spells                             Type                      Level
   a - Confusing Touch                Hexes                        1
   b - Animate Skeleton               Necromancy                   1
   c - Summon Small Mammal            Summoning                    1
   d - Apportation                    Translocation                1
Comestibles
 b - a meat ration


   Skills:
 + Level 3.1 Dodging
 + Level 3.3 Stealth
 * Level 2.0 Unarmed Combat
 - Level 2.0 Spellcasting
   Level 0.8 Conjurations
 * Level 3.3 Ice Magic


You had 4 spell levels left.
You knew the following spells:

 Your Spells              Type           Power        Failure   Level  Hunger
a - Freeze                Ice            ##..         5%          1    #......
b - Confusing Touch       Hex            #.....       22%         1    #......


Dungeon Overview and Level Annotations

Branches:
Dungeon (4/15)             Temple (1/1) D:4

Altars:
Ashenzari
Cheibriados
Dithmenos
Gozag
Hepliaklqana
Makhleb
Okawaru
Ru
Sif Muna
Trog
Uskayaw
Vehumet
Wu Jian
Xom


Innate Abilities, Weirdness & Mutations

You cannot wear armour.
You are incapable of wielding weapons or throwing items.
Your paws allow you to move quietly. (Stealth)
You have sharp claws.
You have razor-sharp teeth.
You have supernaturally acute eyesight. (SInv)
You are carnivorous and can eat meat at any time.
You cover ground quickly.
You are covered in fur. (AC +1)
You have a slow metabolism.
Your sharp claws are effective at attacking unaware monsters.


Message History

You scratch the adder zombie.
The adder zombie is almost destroyed.
The adder zombie bites you.
* * * LOW HITPOINT WARNING * * *
You scratch the adder zombie.
You destroy the adder zombie!
Dithmenos accepts your kill. The water moccasin zombie misses you.
Unknown command.
Casting: Confusing Touch
Confirm with . or Enter, or press ? or * to list all spells.
You miscast Confusing Touch.
You are very lightly contaminated with residual magic.
You hear an indistinct dissonance whispering inside your mind.
The water moccasin zombie barely misses you.
Casting: Confusing Touch
Confirm with . or Enter, or press ? or * to list all spells.
Your paws begin to glow red.
The water moccasin zombie bites you!
Ouch! That really hurt!
You die...

######### ####
#∩..#...#?!!?#
#.^.Z.∩.#!??!+
#^..#@..#!!?!#
#^^^##### ###
#^.Z# ##Z##
#...# #...#
#...# #...#
#+###


You could see a water moccasin zombie.

Vanquished Creatures
  A water moccasin zombie (Ossuary)
  2 adder zombies (Ossuary)
  2 bats
  A ball python (D:4)
  A kobold zombie (Ossuary)
  A rat (D:2)
8 creatures vanquished.

Vanquished Creatures (others)
  A hobgoblin zombie (Ossuary)
  A kobold zombie (Ossuary)
2 creatures vanquished.

Grand Total: 10 creatures vanquished

Notes
Turn   | Place    | Note
-------+----------+-------------------------------------------
     0 | D:1      | 4thArraOfDagon the Felid Ice Elementalist began the quest for the Orb.
     0 | D:1      | Reached XP level 1. HP: 7/7 MP: 4/4
   259 | D:4      | Found a sand-covered staircase.
   288 | D:4      | Found a staircase to the Ecumenical Temple.
   295 | Temple   | Entered the Ecumenical Temple
   321 | Temple   | Became a worshipper of Dithmenos the Shadowed
   357 | Ossuary  | Entered an ossuary
   373 | Ossuary  | Reached skill level 1 in Unarmed Combat
   373 | Ossuary  | Reached XP level 2. HP: 3/11 MP: 6/6
   634 | Ossuary  | Learned a level 1 spell: Confusing Touch
   723 | Ossuary  | Reached XP level 3. HP: 4/14 MP: 5/7
   731 | Ossuary  | Mangled by a water moccasin zombie

Vault maps used:
D:1:      sevenhm_arrival_forest_fort_small_5, st_stairs_6, solitary_fountain,
          minmay_octomino_e4
D:2:      first_bread
D:3:      uniq_jessica
D:4:      temple_green, lightli_ossuary_entry_decrepit_ruins
Temple:   nicolae_temple_great_sept
Ossuary:  ossuary_tomb_2

Skill      XL: |  1  2 |
---------------+-------+-----
Unarmed Combat | 1 2 |  2.0
Dodging        | 3 |  3.1
Stealth        | 3 |  3.3
Ice Magic      | 3 |  3.3
Spellcasting   | |  2.0
Conjurations   | |  0.8

Action                   || total
-------------------------++-------
Melee: Unarmed           ||    41
       Bite              ||     5
 Cast: Freeze            ||     5
       Confusing Touch   ||     3
  Use: Scroll            ||     2
       Potion            ||     1
 Stab: Confused          ||     1
       Sleeping          ||     1
Dodge: Dodged            ||    44
